[Event "Ramat Gan Masters-A Winter 2023"]
[Site "Ramat Gan/ISR"]
[Date "2023.02.13"]
[Round "3.4"]
[White "Noy, Eyal"]
[Black "Kochavi, Dana"]
[Result "1-0"]
[Annotator "TA"]
[ECO "E16"]
[WhiteElo "2117"]
[BlackElo "1956"]
[PlyCount "77"]
[EventDate "2023.01.17"]
[EventType "swiss"]
[SourceTitle "playchess.com"]
[Source "ChessBase"]
[SourceQuality "1"]
[TimeControl "5400+30"]

1. g3 Nf6 2. c4 e6 3. Bg2 d5 4. Nf3 b6 5. O-O Bb7 6. d4 Nbd7 {[%emt 0:00:12] 6...dxc4 is setting a new trend.} 7. Nc3 dxc4 {[%emt 0:04:31] [#] E16: Queen's Indian: 4 g3 Bb7 5 Bg2 Bb4+.} 8. Nd2 $146 ({Predecessor:} 8. Qa4 a6 9. Qxc4 b5 10. Qd3 c5 11. dxc5 Bxc5 12. Rd1 Qb6 13. e3 O-O 14. a3 Rfd8 15. b4 Be7 16. Qe2 Rac8 17. Bb2 Qa7 18. Rac1 Qa8 {0-1 Avramidou,A (2238)-Gorodetzky,D (2495) Titled Tuesday intern op 02nd Feb blitz 2021 (2)}) 8... Bxg2 9. Kxg2 a6 {[%emt 0:04:20] The position is equal.} 10. e4 b5 11. e5 Nd5 12. Nxd5 exd5 13. Qg4 h5 14. Qh3 (14. Qe2 $1 $11) 14... Be7 $17 15. f4 Nf8 16. f5 Qd7 (16... g6 $15) 17. Nf3 $14 {[%emt 0:01:00][%cal Oe5e6][%mdl 1024] White has compensation.} f6 18. Re1 O-O-O 19. e6 Qc6 20. g4 g6 (20... c3 $11 21. bxc3 hxg4 22. Qxg4 (22. Qxh8 $2 gxf3+ 23. Kg1 Qxc3 $17) 22... g6) 21. g5 $1 {[%emt 0:00:52] [#] And now gxf6 would win.} Re8 22. gxf6 {[%emt 0:18:05] White is more active.} Bxf6 23. e7 $1 Nd7 {[%emt 0:00:00][%mdl 8192] [#] A mistake that costs the game.} (23... Rxe7 $2 24. Rxe7 (24. fxg6+ $2 Kb7 $19) 24... Bxe7 25. f6+ (25. fxg6+ $2 Kb7 $19) 25... Qe6 26. fxe7 Qxh3+ 27. Kxh3 $18) (23... Kb7 $16) 24. Re6 $1 $18 ({Stronger than} 24. fxg6 Rxe7 25. Rxe7 Bxe7 $11) 24... Qb7 25. fxg6 Kb8 26. Qf5 ({But not} 26. Bg5 Bg7 27. Qf5 Rhg8 $18) 26... Bxe7 (26... Bg7 {was necessary.} 27. Bd2 h4) 27. Qf7 Qc8 {[%emt 0:00:00][%cal Oe7f6] Hoping for ...Bf6!} 28. g7 {[%emt 0:00:00] Prevents Bf6.} ({Don't play} 28. Rxe7 Rxe7 29. Qxe7 Re8) 28... Rhg8 (28... Rh7 29. Rg6 Rxg7 30. Rxg7 Bf6) 29. Rxe7 Rxe7 30. Qxe7 Nf8 31. Kf2 Ne6 32. Bh6 c5 33. Re1 Nxd4 34. Nxd4 cxd4 35. Qf8 (35. Qf7 $142 d3 36. Bf4+ Ka8 37. Qxd5+ Ka7 38. Re7+ Kb6 39. Qd6+ Ka5 40. Qa3+ Kb6 41. Be3+ Qc5 42. Qxc5+ Ka5 43. Qa3#) 35... c3 36. bxc3 {[%emt 0:00:00] White mates.} dxc3 37. Re7 c2 38. Qxc8+ Kxc8 39. Rf7 {[%emt 0:00:00] A cool game by Noy.   Weighted Error Value: White=0.18 (very precise) /Black=0.88} 1-0

[Event "Ramat Gan Masters-A Winter 2023"]
[Site "Ramat Gan/ISR"]
[Date "2023.02.13"]
[Round "3.5"]
[White "Chernomordik, Pavel"]
[Black "Soybert, Ori"]
[Result "1-0"]
[Annotator "TA"]
[ECO "B22"]
[WhiteElo "2198"]
[BlackElo "1736"]
[PlyCount "41"]
[EventDate "2023.01.17"]
[EventType "swiss"]
[SourceTitle "playchess.com"]
[Source "ChessBase"]
[SourceQuality "1"]
[TimeControl "5400+30"]

1. e4 c5 2. Nf3 Nc6 3. Bb5 e5 4. c3 Bd6 5. O-O a6 6. Bxc6 {[%emt 0:02:58] B22: Sicilian: 2 c3.} dxc6 7. d4 exd4 8. cxd4 {[%emt 0:00:07] The position is equal.} Bg4 9. dxc5 Bxc5 10. Qb3 Qb6 11. Qc3 (11. Nbd2 $5 ) 11... Bxf3 (11... Nf6 $15) 12. Qxf3 $11 {[%emt 0:00:38] [#]} Nf6 $146 ({Predecessor:} 12... Ne7 13. Nd2 Ng6 14. Nb3 Bd6 15. Be3 Qc7 16. g3 O-O 17. Rad1 Rad8 18. Qh5 Rfe8 {½-½ Blagojevic,T (2260)-Barp,A (2388) EU-ch 22nd Terme Catez 2022 (8)}) 13. Nd2 O-O 14. Nc4 Qb4 {[%emt 0:02:39] [#] Black cannot hold the game after this.} (14... Qd8 $11 {and Black is okay.}) 15. b3 $1 $18 a5 16. Bb2 {[%emt 0:04:21][%cal Bc1b2,Bb2d4,Bd4c3][%mdl 32] a4 is the strong threat.} Ne8 $2 (16... a4 {keeps fighting.}) 17. a4 {[%emt 0:01:06] Threatens to win with Ba3.} Bd4 $2 (17... b5) 18. Bxd4 {[%emt 0:03:48] White is clearly winning.} b5 19. axb5 cxb5 20. Bc3 Qxb3 21. Nxa5 {[%emt 0:00:18] Weighted Error Value: White=0.14 (very precise) /Black=0.66} ({Not} 21. Rxa5 Rc8 $16 {[%mdl 64] Pin}) 1-0

[Event "Ramat Gan Masters-A Winter 2023"]
[Site "Ramat Gan/ISR"]
[Date "2023.02.13"]
[Round "3.6"]
[White "Hasson Shreger, Shalev"]
[Black "Sherman, Reem"]
[Result "0-1"]
[Annotator "TA"]
[ECO "B06"]
[WhiteElo "1823"]
[BlackElo "2249"]
[PlyCount "118"]
[EventDate "2023.01.17"]
[EventType "swiss"]
[SourceTitle "playchess.com"]
[Source "ChessBase"]
[SourceQuality "1"]
[TimeControl "5400+30"]

1. e4 c5 2. Nf3 g6 3. c3 d5 4. exd5 Qxd5 5. d4 Bg7 6. Na3 cxd4 7. cxd4 {[%emt 0:00:13] B06: Modern Defence.} (7. Nb5 $142 Na6 8. Be2 (8. Nbxd4 Nf6 $11)) 7... Nf6 $11 8. Bc4 Qd8 9. O-O {[%emt 0:01:59] The position is equal.} O-O 10. h3 (10. Ne5 {is more complex.} Nc6 11. Re1 Nd5 12. Bg5) 10... a6 11. Nc2 b5 12. Bb3 Bb7 13. Ne5 Nc6 {[%emt 0:05:13] [#]} 14. Nxc6 $146 ({Predecessor:} 14. Bf4 Na5 15. Re1 Rc8 16. Ne3 Nxb3 17. axb3 Nd5 18. Bg3 e6 19. Qd2 h5 20. Rac1 Nxe3 21. fxe3 {½-½ Mamedov,R (2654)-Maghsoodloo,P (2698) Europe Echecs Blitz May op 2021 (7)}) 14... Bxc6 15. Be3 Nd5 16. Qd2 Qd6 17. Rfd1 Rfd8 18. Ne1 (18. Bg5 $15) 18... Nb6 (18... Nxe3 $17 19. fxe3 e5) 19. Rac1 Rac8 (19... Bd5 {simplifies} 20. Bxd5 Nxd5 21. Nf3 Rac8) 20. Rc5 Bb7 21. Qe2 e6 22. Nf3 {[%emt 0:00:00] [#]} Nc4 $1 23. Bg5 (23. Rxc8 Rxc8) 23... f6 {[%emt 0:01:05] Hoping for ...Bxf3.} 24. Rxc8 Rxc8 25. Bh4 Bd5 26. Bg3 Qd7 27. Rc1 Bf8 28. Bf4 Kf7 29. h4 Be7 30. Be3 Bd6 31. h5 g5 {[%emt 0:01:17] Black is much more active.} (31... gxh5 $6 32. Nd2 $15) 32. Bc2 (32. Rc3 $142) 32... Kg8 (32... Nxb2 33. Bxh7 Nc4 34. Qd3 $15) 33. Bd3 Nxe3 34. Rxc8+ Qxc8 35. Qxe3 Bf4 {[%emt 0:01:29] This pair of bishops is nice.} 36. Qe1 Bxa2 {[%emt 0:00:33] aiming for ...Qc1.} 37. g3 Bd6 38. Qe4 Qc7 $36 {[%emt 0:00:39][%mdl 2048] ...Bd5 is the strong threat. Black has good play.} 39. Qa8+ Kg7 40. Qe4 {[%emt 0:00:00] [#]} (40. h6+ Kxh6 41. Nh2 f5 42. Qxa6 Bd5 $17) ({White should try} 40. Qxa6 $15 Bd5 41. Ne1) 40... Kh6 $1 $19 {[%emt 0:02:42] ...Bd5 would be deadly.} 41. Qe3 {[%emt 0:00:00] [#]} Qf7 (41... Kxh5 42. Nxg5 fxg5 43. Qf3+ Kh6 44. Qf6+ Kh5 45. Qf3+ Kh6 46. Qf6+ Kh5 47. Be2+ (47. Qf3+ Kh6 $11) 47... g4 48. f3 Qc1+ 49. Kg2 $11) (41... Bd5 $1 $19 {[%cal Od6g3] And now ...Bxg3! would win.} 42. Be4 Qc6) 42. Nh2 (42. Nd2 $17) 42... Qxh5 ({Black should play} 42... f5 $19 43. Nf3 Qe7) 43. Qe4 $2 (43. Nf1 $17) 43... Qd1+ (43... f5 $2 44. Qe1 $19) 44. Nf1 f5 45. Qc6 Bxg3 {[%emt 0:03:47][%mdl 64] Pin} 46. Bc2 {[%emt 0:00:58] [#]} (46. Qc8 $142 Bd6 47. Bxf5) 46... Bh2+ $1 47. Kxh2 Qxf1 {[%emt 0:04:50][%mdl 4096] Endgame KQB-KQB} 48. b3 Qxf2+ 49. Kh1 Qe1+ ({And not} 49... Qxd4 50. Qxe6+ Kg7 51. Qe7+ Kg6 52. Qe8+ Kh6 53. Qe6+ Kh5 54. Qe8+ Kg4 55. Qe2+ Kh4 56. Qh2+ Kg4 57. Qe2+ Kh4 58. Qh2+ Kg4 59. Qe2+ $11) (49... Qf1+ $142 50. Kh2 Qf4+ 51. Kh3 g4+ 52. Kg2 Qd2+ 53. Kg3 Kg5 54. Qc5 Kh5 55. Bxf5 Qe3+ 56. Kg2 Qf3+ 57. Kg1 exf5 58. Qe7 Qd1+ 59. Kh2 Qc2+ 60. Kg1 Bxb3 61. d5 Qc1+ 62. Kf2 Qd2+ 63. Qe2 Qxe2+ 64. Kxe2 Bxd5 65. Kf2 f4 66. Ke2 g3 67. Kd3 f3 68. Kd4 g2 69. Ke5 g1=Q 70. Kd6 f2 71. Ke7 f1=Q 72. Kd6 Qf6+ 73. Kd7 Qgg7+ 74. Ke8 Qff8#) 50. Kh2 Qe2+ 51. Kh1 g4 52. Qc8 Qf3+ 53. Kg1 Qe3+ ({Not} 53... Bxb3 54. Qf8+ Kh5 55. Qf7+ Kh6 56. Qf8+ Kh5 57. Qf7+ Kh6 58. Qf6+ Kh5 59. Qf7+ $11) 54. Kh1 Kh5 {[%emt 0:00:00] ( -> ...f4)} 55. Qh8 Qc1+ {[%emt 0:00:05] Black mates.} 56. Kg2 Qxc2+ 57. Kg3 Qc7+ 58. Kg2 Bxb3 59. Qe8+ Kh6 {[%emt 0:00:07] Weighted Error Value: White=0.70/Black=0.47} 0-1

[Event "Ramat Gan Masters-A Winter 2023"]
[Site "Ramat Gan/ISR"]
[Date "2023.02.13"]
[Round "3.7"]
[White "Sobel, Ido"]
[Black "Goz, Shachar"]
[Result "1-0"]
[Annotator "NA RC COMBH"]
[ECO "B23"]
[WhiteElo "1871"]
[BlackElo "1623"]
[PlyCount "47"]
[EventDate "2023.01.17"]
[EventType "swiss"]
[SourceTitle "playchess.com"]
[Source "ChessBase"]
[SourceQuality "1"]
[TimeControl "5400+30"]

1. e4 c5 2. Nc3 e6 3. f4 Nc6 4. Nf3 Nf6 5. Bb5 a6 6. Bxc6 bxc6 7. d3 d5 8. O-O Be7 9. b3 a5 10. e5 Nd7 11. Na4 Nb6 12. Nxb6 Qxb6 13. c4 a4 14. Bb2 a3 15. Bc3 Bd7 16. Qe1 Rb8 17. Qg3 Rg8 18. Rae1 h6 19. f5 exf5 20. e6 Bxe6 21. Rxe6 fxe6 22. Qg6+ Kd8 23. Qxe6 d4 24. Ne5 1-0

[Event "Ramat Gan Masters-A Winter 2023"]
[Site "Ramat Gan/ISR"]
[Date "2023.02.13"]
[Round "3.8"]
[White "Malachi, Avraham"]
[Black "Gurevich, Neria"]
[Result "1/2-1/2"]
[Annotator "TA"]
[ECO "C00"]
[WhiteElo "1975"]
[BlackElo "1543"]
[PlyCount "57"]
[EventDate "2023.01.17"]
[EventType "swiss"]
[SourceTitle "playchess.com"]
[Source "ChessBase"]
[SourceQuality "1"]
[TimeControl "5400+30"]

1. e4 c5 2. Nf3 e6 3. d3 Nc6 4. g3 d5 5. Nbd2 Nf6 6. Bg2 Be7 7. O-O O-O 8. Re1 b5 9. e5 Nd7 10. h4 f6 {[%emt 0:00:00] C00: French: Unusual White 2nd moves.} (10... a5 $15) 11. exf6 $14 Bxf6 (11... Nxf6 $14 12. c4 bxc4 13. dxc4 h6) 12. Bh3 (12. Rxe6 $6 Nde5 13. Nxe5 Bxe6 14. Nxc6 Qd6 $15) ({White should try} 12. Nb3 $16) 12... Nde5 $11 13. Nxe5 Bxe5 {[%emt 0:00:00] [#]} 14. Nf3 $146 ({Predecessor:} 14. f4 Bxf4 15. gxf4 Qxh4 16. Bg2 Qxf4 17. Ne4 Qe5 18. Ng5 Qg3 19. Be3 Ne5 20. Qh5 {1-0 Savory,R (2101)-Nicholson,J (1945) Monarch Assurance 15th 2006 (8)}) 14... Qf6 (14... Bd6 $11) 15. Bg2 (15. Nxe5 $1 $14 Nxe5 16. f4) 15... Bxb2 16. Bxb2 Qxb2 17. Rb1 Qf6 18. Rxb5 {[%emt 0:01:17] next Qd2 is good for White.} Nd4 19. Nxd4 Qxf2+ ({Resist} 19... Qxd4 20. Qe2 $16) 20. Kh2 Qxd4 21. Qd2 Rf2 22. Qg5 (22. Re2 $11 Rxe2 23. Qxe2) 22... Ba6 (22... Rxc2 23. Qd8+ Kf7 24. Rbb1 $18) (22... h6 $17 23. Qg6 Qc3) 23. Rbb1 $2 {[%emt 0:03:25] [#]} (23. Ra5 $11 {and White is okay.} Raf8 24. Qe5 (24. Rxa6 Rxg2+ {[%mdl 64] Decoy} 25. Kxg2 Qf2+ 26. Kh3 Qxe1 $17)) 23... Raf8 $2 (23... Rxc2 $19 24. Qe7 Qf6 25. Qxf6 gxf6 26. Rxe6 Bxd3) 24. Rxe6 {[%emt 0:02:15] The position is equal.} (24. Qe7 $5 ) 24... Rxg2+ 25. Kxg2 Qf2+ $1 (25... Bc8 $2 26. Re3 $18) (25... Bxd3 $2 26. cxd3 h6 27. Qe3 Qxe3 28. Rxe3 $18) 26. Kh1 $1 ({Avoid the trap} 26. Kh3 $2 Bc8 27. Qe5 Rf6 $19) 26... Qf3+ (26... Qxc2 $2 27. Qxd5 Kh8 28. Rbe1 $18) 27. Kh2 Qf2+ 28. Kh1 $1 ({Not} 28. Kh3 $2 Bc8 29. Qe5 Rf6 $19 {[%mdl 64] Pin}) 28... Qf3+ (28... Qxc2 $2 29. Qxd5 Kh8 30. Rbe1 $18) 29. Kh2 {[%emt 0:00:24] Weighted Error Value: White=0.29 (precise) /Black=0.35} 1/2-1/2

[Event "Ramat Gan Masters-A Winter 2023"]
[Site "Ramat Gan/ISR"]
[Date "2023.02.13"]
[Round "3.9"]
[White "Neumann, Amit"]
[Black "Azoulay, Yehonatan"]
[Result "1-0"]
[Annotator "NA RC COMBH"]
[ECO "B30"]
[WhiteElo "1615"]
[BlackElo "1770"]
[PlyCount "53"]
[EventDate "2023.01.17"]
[EventType "swiss"]
[SourceTitle "playchess.com"]
[Source "ChessBase"]
[SourceQuality "1"]
[TimeControl "5400+30"]

1. e4 c5 2. Nf3 Nc6 3. b4 cxb4 4. d4 g6 5. a3 bxa3 6. h4 h6 7. d5 Bg7 8. Rxa3 Nb8 9. Bb5 Nf6 10. e5 Ng4 11. h5 Qb6 12. Qe2 O-O 13. Ra4 gxh5 14. Rxh5 d6 15. e6 f5 16. Rxf5 Rxf5 17. Rxg4 Rh5 18. Bb2 Rh1+ 19. Kd2 Rxb1 20. Rxg7+ Kf8 21. Ng5 Qa5+ 22. Bc3 Qxc3+ 23. Kxc3 Kxg7 24. Qf3 hxg5 25. Qf7+ Kh8 26. Bd3 Rh1 27. Qf8# 1-0

[Event "Ramat Gan Masters-A Winter 2023"]
[Site "Ramat Gan/ISR"]
[Date "2023.02.13"]
[Round "3.10"]
[White "Lapushnian, Maya"]
[Black "Shapira, Avner"]
[Result "1-0"]
[Annotator "NA RC COMBH"]
[ECO "B90"]
[WhiteElo "1707"]
[BlackElo "1814"]
[PlyCount "39"]
[EventDate "2023.01.17"]
[EventType "swiss"]
[SourceTitle "playchess.com"]
[Source "ChessBase"]
[SourceQuality "1"]
[TimeControl "5400+30"]

1. e4 c5 2. Nf3 d6 3. d4 cxd4 4. Nxd4 Nf6 5. Nc3 a6 6. h4 b5 7. a4 b4 8. Nd5 Nxe4 9. Bc4 e6 10. Qf3 f5 11. Nxf5 exf5 12. g4 g6 13. h5 Bg7 14. hxg6 hxg6 15. Rxh8+ Bxh8 16. Qh3 Bg7 17. Qh7 Kf8 18. Nf4 Qf6 19. Qg8+ Ke7 20. Nd5+ 1-0

[Event "Ramat Gan Masters-A Winter 2023"]
[Site "Ramat Gan/ISR"]
[Date "2023.02.13"]
[Round "4.1"]
[White "Levitan, Ronit"]
[Black "Karp, Ilya"]
[Result "0-1"]
[Annotator "TA"]
[ECO "B30"]
[WhiteElo "2064"]
[BlackElo "2392"]
[PlyCount "84"]
[EventDate "2023.01.17"]
[EventType "swiss"]
[SourceTitle "playchess.com"]
[Source "ChessBase"]
[SourceQuality "1"]
[TimeControl "5400+30"]

1. e4 c5 2. Nf3 Nc6 3. Bb5 e6 4. O-O Nge7 5. d4 cxd4 6. Nxd4 a6 {[%emt 0:01:55] [#] ...Nxd4 is the strong threat. B30: Sicilian: 2...Nc6 3 Bb5, lines without ...g6.} 7. Be2 Nxd4 {[%emt 0:02:09] 7...Ng6 is more fashionable.} 8. Qxd4 Nc6 {[%emt 0:00:03] White has an edge.} 9. Qc3 b5 10. Qg3 Bb7 11. c3 {[%emt 0:02:23] Against Nd4} (11. Bg5 {looks sharper.} Bd6 12. Qxd6 Qxg5 13. Nd2) 11... h5 {[%emt 0:07:12] [#]} 12. Be3 $146 ({Predecessor:} 12. Bg5 h4 13. Qg4 Ne5 14. Bxd8 Nxg4 15. Bb6 Nf6 16. f3 Nh5 17. Be3 Bd6 18. Rd1 Bf4 19. Bf2 Bc6 20. Nd2 {1-0 Saypuri,S (2172)-Damljanovic,B (2436) Belgrade Radnicki IM2 10 2022 (5)}) 12... h4 13. Qh3 Qc7 14. Nd2 Ne5 15. a4 Nc4 16. axb5 Nxe3 17. Qxe3 (17. fxe3 axb5 18. Rxa8+ (18. Bxb5 Rxa1 19. Rxa1 Qb6 $15) 18... Bxa8 $11) 17... Bd6 (17... axb5 $14 18. Rxa8+ (18. Bxb5 Bd6 $14) 18... Bxa8) 18. bxa6 $18 Bxh2+ 19. Kh1 Bf4 20. Qd3 {[%emt 0:03:54] [#]} (20. axb7 Rxa1 21. Qf3 Rxf1+ 22. Nxf1 Bc1 $17) ({White must play} 20. Qd4 $18 Bc6 21. Nc4 (21. Qxg7 Ke7 $16)) 20... Rxa6 $11 {[%emt 0:13:13][%mdl 64] Deflection} 21. Rxa6 Bxa6 22. Qxa6 {[%emt 0:00:20] Black must now prevent Nf3.} Bxd2 23. Rd1 Bf4 24. Qa8+ (24. Qa3 {feels hotter.} Qb6 25. Kg1 g6 26. Rd4) 24... Qd8 25. Qa3 {[%emt 0:00:38] And now Bb5 would win.} Qb6 {[%emt 0:03:41] Repels Bb5} 26. Rd4 (26. Kg1 {keeps more tension.} g6 27. c4 Be5 28. c5) 26... Be5 27. Ra4 Bb8 28. e5 f6 29. Ra8 (29. exf6 $11 {keeps the balance.} gxf6 30. Qb4 (30. Ra8 $2 Qc7 $19) 30... Qxb4 31. Rxb4) 29... Kf7 (29... fxe5 {simplifies} 30. Qa6 Qc7 31. Qa5 Qxa5 32. Rxa5 e4) 30. Qa4 Qxf2 $40 {[%emt 0:00:51][%mdl 128] White needs to defend precisely.} 31. Qxd7+ Kg6 {[%emt 0:00:00] Really sharp!} 32. Qd3+ $2 ({Wrong is} 32. Bd3+ $2 Kh6 33. Qd4 (33. Qxe6 {gets mated.} Qe1+) 33... Qe1+ 34. Qg1 Qxe5 $19) ({White has to play} 32. Qd2 $15 Qg3 33. Qd3+ Qxd3 34. Bxd3+ f5 35. Kg1) 32... f5 $19 33. Qf3 (33. Ra1 h3 34. gxh3 Bxe5 35. Rg1+ Kf6 36. Rg2) 33... Qe1+ 34. Qf1 Qg3 {[%emt 0:00:09] ( -> ...h3)} 35. Qf3 Qxe5 36. Rxb8 Qxb8 {[%emt 0:00:06][%mdl 4096] Endgame KQR-KQB} 37. Qc6 Qe5 ({Inferior is} 37... Qxb2 38. Qxe6+ Kh7 39. Qxf5+ g6 40. Qf7+ Kh6 41. Qf4+ Kh7 42. Qf7+ Kh6 43. Qf4+ Kh7 44. Qf7+ $11) 38. Bc4 Kf6 39. b4 h3 {[%emt 0:01:28] Black mates.} 40. b5 hxg2+ 41. Kxg2 Rh2+ 42. Kf1 Qf4+ {[%emt 0:00:08] Quite a comeback for Black.   Weighted Error Value: White=0.72/Black=0.25 (precise)} 0-1

[Event "Ramat Gan Masters-A Winter 2023"]
[Site "Ramat Gan/ISR"]
[Date "2023.02.13"]
[Round "4.2"]
[White "Gavriely, Or"]
[Black "Aroeta, Benny"]
[Result "1-0"]
[Annotator "TA"]
[ECO "D07"]
[WhiteElo "1991"]
[BlackElo "1978"]
[PlyCount "117"]
[EventDate "2023.01.17"]
[EventType "swiss"]
[SourceTitle "playchess.com"]
[Source "ChessBase"]
[SourceQuality "1"]
[TimeControl "5400+30"]

1. d4 d5 2. c4 Nc6 3. Nf3 Bg4 4. Bf4 Bxf3 5. gxf3 e5 {[%emt 0:01:35] [#]} 6. Bxe5 $146 {[%emt 0:00:00] D07: Queen's Gambit: Chigorin Defence.} ({Predecessor:} 6. dxe5 Bb4+ 7. Nd2 dxc4 8. Qc2 Qd4 9. e3 Qxd2+ 10. Qxd2 Rd8 11. O-O-O Bxd2+ 12. Rxd2 Rxd2 13. Kxd2 {½-½ Maletin,P (2621)-Pasiev,R (2282) Moscow op-E 2011 (8.46)}) 6... Nxe5 7. dxe5 d4 8. Nd2 {[%emt 0:00:00] White is better.} Qg5 9. Qb3 O-O-O {[%emt 0:03:59] [#]} (9... Rb8 $1 $14) 10. f4 $1 Qxf4 (10... Qh6 11. Bg2) 11. Bh3+ (11. Bg2 $6 c6 $14) 11... f5 12. exf6+ Kb8 13. Bg2 c6 14. fxg7 Bxg7 15. Bxc6 Qc7 16. Bf3 Ne7 {[%emt 0:03:30] [#]} 17. c5 $1 Nc6 (17... d3 18. e3) 18. Nc4 {[%emt 0:00:00] [#]} (18. Rg1 $16 {Strongly threatening Bxc6.} d3 19. e3 (19. exd3 Nd4 $16) (19. Bxc6 Qxc6 20. exd3 Qxc5 $14)) 18... d3 $1 $11 {[%emt 0:06:01] ...Rhf8 would be deadly.} 19. e3 (19. exd3 Nd4 20. Qd1 Qf4 $19) (19. O-O-O dxe2) 19... Rhf8 $1 20. Be4 {[%emt 0:01:27] [#]} (20. Nd2 $1 $11 {was the only way to keep the balance.}) 20... d2+ $2 {[%emt 0:05:01] [#]} 21. Ke2 $1 $16 (21. Nxd2 $6 Rxf2 22. Kxf2 Rxd2+ 23. Ke1 Qa5 $11) 21... Rfe8 (21... Qf7 $2 22. f3 (22. Bxc6 $2 d1=B+ 23. Raxd1 Qxf2#) 22... Ka8 23. Rad1 $18 (23. Nxd2 Qh5 $18)) (21... Bd4 $1 $11 {keeps the balance.}) 22. f3 (22. Bxh7 $2 Nd4+ 23. Kd1 Nxb3 $19) (22. Nd6 Re5 $14) 22... Re7 23. Rad1 {[%emt 0:01:09][%cal Ba1d1,Bd1d2,Bd2d6][%mdl 32] Hoping for Qb5.} (23. Bxh7 $2 Nd4+ 24. Kd1 Nxb3 $19) 23... Na5 24. Nxa5 Qxa5 25. Qc4 Rde8 $2 {[%emt 0:01:14] A mistake that costs the game.} (25... Bxb2 $16 {was necessary.} 26. Rhg1 Qc7) 26. Rxd2 $18 Qc7 27. b4 (27. Bxh7 Rxe3+ 28. Kd1 Rxf3 $14) 27... Bh6 28. Rd6 Bg7 29. Rhd1 (29. Bxh7 Bf8 30. Be4 Rxe4 31. fxe4 Bxd6 $17) 29... Be5 30. Qd5 {[%emt 0:00:42][%cal Ob4b5] aiming for b5!} Bxh2 (30... Qc8 $142 31. Rd7 Rxd7 32. Qxd7 Bc7 33. Bxh7 Qxd7 34. Rxd7 Re5) 31. Rd7 Rxd7 32. Qxd7 Re7 33. Qxc7+ Bxc7 {[%emt 0:00:30][%mdl 4096] Endgame KRB-KRB} 34. Rh1 a5 (34... Rd7 $142 35. f4 b6 36. Bxh7 a5 37. cxb6 Bxb6) 35. a3 ({Less strong is} 35. Bxh7 axb4 36. Kd3 Rd7+ 37. Kc4 Rd2 $18) 35... Be5 (35... axb4 $142 36. axb4 (36. Bxh7 bxa3 37. Bg8 Bf4 $11) 36... b6 37. Bxh7 bxc5 38. bxc5 Re5) 36. Rxh7 (36. bxa5 Ka7 37. a4 Bc3 $18) (36. Bxh7 Bb2 37. bxa5 Bxa3 $18) 36... Rxh7 37. Bxh7 {[%emt 0:00:02] KB-KB} Bb2 38. bxa5 Bxa3 {[%emt 0:00:10] [#]} 39. c6 $1 Bb4 (39... bxc6 40. f4) 40. cxb7 {[%emt 0:00:27] White mates.} Kxb7 41. e4 ({Not} 41. Be4+ Ka7 $14) 41... Bxa5 42. Ke3 Kc7 43. Kd4 Kd6 44. e5+ Ke6 45. f4 Bb6+ 46. Ke4 Bd8 47. Bg6 Bh4 48. Bh5 Ke7 49. f5 Bg5 50. Bg6 Bh4 51. Kf4 Be1 52. f6+ Ke6 53. Bh7 Bd2+ 54. Ke4 Bg5 55. Bg8+ Kd7 56. Bf7 Kd8 57. Kf5 Bd2 58. e6 Bb4 59. Bh5 {[%emt 0:00:06] Artfully played by Gavriely.   Weighted Error Value: White=0.25 (precise) /Black=0.54} 1-0

[Event "Ramat Gan Masters-A Winter 2023"]
[Site "Ramat Gan/ISR"]
[Date "2023.02.13"]
[Round "4.3"]
[White "Sherman, Reem"]
[Black "Uritsky, Yonathan"]
[Result "0-1"]
[Annotator "TA"]
[ECO "B13"]
[WhiteElo "2249"]
[BlackElo "2047"]
[PlyCount "92"]
[EventDate "2023.01.17"]
[EventType "swiss"]
[SourceTitle "playchess.com"]
[Source "ChessBase"]
[SourceQuality "1"]
[TimeControl "5400+30"]

1. e4 c6 2. d4 d5 3. exd5 cxd5 4. Nc3 Nf6 5. Bf4 a6 6. Nf3 {[%emt 0:00:19] B13: Caro-Kann: Exchange Variation and Panov-Botvinnik Attack.} Nc6 7. Ne5 g6 8. Nxc6 {[%emt 0:07:23] White is slightly better.} bxc6 {[%emt 0:00:03] [#] Black is weak on the dark squares} 9. Na4 $146 ({Predecessor:} 9. Bd3 Bg7 10. O-O O-O 11. Na4 Nd7 12. c3 e5 13. dxe5 Nxe5 14. Be2 a5 15. Nc5 {½-½ Agrest,E (2568)-Chen,Q (2485) Titled Tuesday intern op 15 Mar Early blitz 2022 (3)}) 9... Bg7 10. Be5 O-O 11. Bd3 Nd7 12. Bxg7 Kxg7 13. O-O e5 14. dxe5 Nxe5 15. Be2 Re8 16. f4 Nd7 17. c4 Qf6 18. Kh1 Rb8 19. Rc1 Nb6 20. Nxb6 Rxb6 21. b3 Bf5 22. Qd2 Rbb8 23. cxd5 cxd5 24. Bf3 Be4 25. h3 Rbc8 26. Bg4 (26. Rxc8 $11 {remains equal.} Rxc8 27. Bxe4 dxe4 28. Re1) 26... Rxc1 $17 27. Rxc1 h5 28. Bd1 d4 {[%emt 0:01:58] Black is more active.} 29. b4 Kh7 30. Bb3 (30. Kh2 $17 {keeps fighting.}) 30... d3 $19 31. Re1 Re7 (31... Qd4 $19 32. Kh2 Kg7) 32. Kh2 {[%emt 0:02:43] [#]} (32. b5 $17 {might work better.}) 32... Qd4 $1 33. g4 $2 (33. Kg3) 33... h4 34. Re3 Rc7 {[%emt 0:00:49][%cal Be7c7,Bc7c4,Bc4b4,Bb4b1][%mdl 32] Threatens to win with ...Bb7.} 35. Bd1 Kg7 36. a4 (36. a3 $142) 36... Rc4 37. Kg1 Rxb4 {[%emt 0:00:47] [#] Hoping for ...Rb1.} 38. Kf1 Rb1 {[%emt 0:01:59][%cal Ob1d1] ( -> ...Rxd1+!)} 39. Re1 Bc6 40. f5 Rb2 ({Not} 40... Bxa4 41. Bxa4 Rxe1+ 42. Qxe1 $17) 41. Qe3 Qxe3 42. Rxe3 Rb1 43. f6+ Kxf6 44. Rxd3 Bxa4 45. Rd6+ Ke5 46. Rxa6 Bb5+ {[%emt 0:00:03] Weighted Error Value: White=0.74/Black=0.26 (precise)} 0-1